 Dungeon Crawl Stone Soup version 0.22-a0-834-g05cf915 (webtiles) character file.

133 zeroarcanus the Ruffian (level 4, 0/35 HPs)
             Began as a Draconian Transmuter on July 25, 2018.
             Killed by nerve-wracking pain
             ... invoked by an orc priest
              (4 damage)
             ... on level 3 of the Dungeon.
             The game lasted 00:07:39 (2648 turns).

zeroarcanus the Ruffian (Draconian Transmuter)      Turns: 2648, Time: 00:07:40

Health: 0/35       AC:  5    Str: 13    XL:     4   Next: 93%
Magic:  7/7        EV: 12    Int: 13    God:
Gold:   146        SH:  0    Dex: 12    Spells: 6/7 levels left

rFire    . . .     SeeInvis .     - Unarmed
rCold    . . .     Gourm    .   (no shield)
rNeg     . . .     Faith    .   (armour unavailable)
rPois    .         Spirit   .   (helmet restricted)
rElec    .         Reflect  .   (no cloak)
rCorr    .         Harm     .   (no gloves)
MR       .....                  (no boots)
Stlth    +.........             (no amulet)
HPRegen  0.11/turn              (no ring)
MPRegen  0.10/turn              (no ring)

@: very slightly contaminated
A: unfitting armour, cold-blooded, AC +5
a: no special abilities


You were on level 3 of the Dungeon.
You were very hungry.

You visited 1 branch of the dungeon, and saw 3 of its levels.

You collected 146 gold pieces.

Inventory:

Missiles
 j - 41 arrows
Wands
 l - a wand of digging (10)
Scrolls
 b - 4 scrolls of identify {unknown}
 g - 4 scrolls of remove curse {unknown}
 m - a scroll of teleportation {unknown}
Potions
 a - a potion of degeneration {unknown}
 d - a potion of curing {unknown}
 i - a potion of mutation {unknown}
 k - a potion of ambrosia {unknown}
Comestibles
 c - 8 rations


   Skills:
 + Level 1.1 Fighting
 + Level 2.5 Dodging
 + Level 0.2 Stealth
 + Level 4.7 Unarmed Combat
 + Level 2.2 Spellcasting
 + Level 2.8 Transmutations


You had 6 spell levels left.
You knew the following spells:

 Your Spells              Type           Power        Failure   Level  Hunger
a - Beastly Appendage     Tmut           #.....       8%          1    ##.....

Your spell library contained the following spells:

 Spells                   Type           Power        Failure   Level  Hunger
 Spider Form              Tmut/Pois      #.........   38%         3    ####...
 Blade Hands              Tmut           #.........   91%         5    ######.
 Ice Form                 Ice/Tmut       #.......     80%         4    #####..
 Sticks to Snakes         Tmut           #.......     12%         2    ###....


Dungeon Overview and Level Annotations

Branches:
Dungeon (3/15)

Altars:
Zin


Innate Abilities, Weirdness & Mutations

Your plain brown scales are hard. (AC +5)
You cannot fit into any form of body armour.
You are cold-blooded and may be slowed by cold attacks.


Message History

Blink to where?
Press: ? - help, Dir - move target cursor You are very lightly contaminated with residual magic.
As you read the scroll labeled YPIRUD DAEMU, it crumbles to dust.
It was a scroll of blinking.
An orc priest comes into view.
Your talons disappear.
The orc priest shouts!
You hear a shout! x2; You hear an angry hiss.
An orc comes into view. It is wielding a whip.
The orc priest looks braver for a moment.
A frilled lizard comes into view.
An orc comes into view.
It is wielding a falchion of distortion.
A rat comes into view.
The orc shouts!
An orc comes into view. It is wielding a dagger.
The orc shouts!
You hear a shout! x3
The frilled lizard closely misses you.
The orc priest invokes the aid of Beogh against you.
Pain shoots through your body!
You die...

,*,,,,,,,,,,,,,,,,,,,*,****+*,,,,
,*,**,***.#,,,,,,,,,,,,****,*,,,,
,*,*,,,,,..o,,,,,,,,,,,,,,,,,,,,,
,*,*,,,,*,#.>,,,,,,,,,,,,,,,.....
,*,*,**,*,#..##+##+########,#....
,*,*,**,*,#...........o...#,#....
,*,*,,,,,.#...r....o......#,#....
,*,**,,,,..........o.####.#,#....
,*,*,,,,,......l@....##...#+#....
,*,*,,,,*###.....................
,*,,,,,,* *#.........!o..........
,****,,,**#...................###
,,,,,,,,,,+...................# #
**********#.............#+#'#####
########..............+
##............## #!...........##


You could see an orc priest, 4 orcs, a frilled lizard and a rat.

Vanquished Creatures
  2 gnolls (D:1)
  3 adders
  3 oozes
  5 worms
  4 leopard geckos
  2 giant cockroaches (D:1)
  6 goblins
  5 hobgoblins
  5 jackals
  2 quokkas (D:2)
  4 bats
  6 frilled lizards
  5 kobolds
  5 rats
57 creatures vanquished.

Notes
Turn   | Place    | Note
-------+----------+-------------------------------------------
     0 | D:1      | zeroarcanus the Draconian Transmuter began the quest for the Orb.
     0 | D:1      | Reached XP level 1. HP: 16/16 MP: 3/3
   284 | D:1      | Reached XP level 2. HP: 4/23 MP: 3/5
   888 | D:1      | Reached XP level 3. HP: 28/28 MP: 4/6
  1127 | D:1      | Reached skill level 4 in Unarmed Combat
  1547 | D:2      | Reached XP level 4. HP: 31/35 MP: 7/7
  2010 | D:2      | Found a faded altar of an unknown god.
  2562 | D:3      | Found a glowing silver altar of Zin.
  2648 | D:3      | Killed from afar by an orc priest

Vault maps used:
D:1:      elethiomel_arrival_shortcut
D:2:      chequers_ecumenical_altar_island
D:3:      overflow_temple_1_default, overflow_temple_1_default, first_ration,
          kennysheep_another_room

Skill      XL: |  1  2  3 |
---------------+----------+-----
Dodging        | 2 |  2.5
Unarmed Combat | 4 |  4.7
Fighting       | |  1.1
Stealth        | |  0.2
Spellcasting   | |  2.2
Transmutations | |  2.8

Action                   |  1- 3 |  4- 6 || total
-------------------------+-------+-------++-------
Melee: Unarmed           |   134 |   103 ||   237
       Tailslap          |    13 |    11 ||    24
       Headbutt          |     3 |     5 ||     8
       Punch             |     1 |     2 ||     3
       Kick              |       |     5 ||     5
 Cast: Beastly Appendage |     4 |    10 ||    14
  Use: Scroll            |       |     3 ||     3
  Eat: Chunk             |     2 |     3 ||     5
Armor: Skin              |    37 |    30 ||    67
Dodge: Dodged            |    74 |    76 ||   150

Table legend:
 A = Spawn XP
 B = Non-spawn XP
 C = Spawn XP percentage of total XP
 D = Spawn monster count
 E = Non-spawn monster count
 F = Spawn count percentage of total count
 G = Total turns spent on level
                    A         B        C        D         E        F      G
               +---------+---------+-------+---------+---------+-------+---------
         Total |       0 |     190 |   0.0 |       0 |      57 |   0.0 |  2648
               +---------+---------+-------+---------+---------+-------+---------
           D:1 |       0 |      68 |   0.0 |       0 |      21 |   0.0 |  1332
           D:2 |       0 |      83 |   0.0 |       0 |      28 |   0.0 |   974
           D:3 |       0 |      39 |   0.0 |       0 |       8 |   0.0 |   342
               +---------+---------+-------+---------+---------+-------+---------
